 Dungeon Crawl Stone Soup version 0.26-a0-844-g3dd439832f (webtiles) character file.

Game seed: 12706344396445924393

0 pablito the Insei (level 1, 0/13 HPs)
             Began as an Octopode Transmuter on Nov 18, 2020.
             Slain by a jackal (2 damage)
             ... on level 1 of the Dungeon.
             The game lasted 00:00:56 (66 turns).

pablito the Insei (Octopode Transmuter)               Turns: 66, Time: 00:00:57

Health: 0/13       AC:  1    Str:  9    XL:     1   Next: 0%
Magic:  2/3        EV: 13    Int: 15    God:
Gold:   15         SH:  0    Dex: 12    Spells: 3/4 levels left

rFire    . . .     SeeInvis .     - Unarmed
rCold    . . .     Faith    .   (no shield)
rNeg     . . .     Spirit   .   (helmet currently unavailable)
rPois    .         Reflect  .   (no amulet)
rElec    .         Harm     .   (no ring)
rCorr    .         Rampage  .   (no ring)
MR       .....                  (no ring)
Stlth    ++........             (no ring)
HPRegen  0.04/turn              (no ring)
MPRegen  0.08/turn              (no ring)
                                (no ring)
                                (no ring)

@: appendages (expiring)
A: almost no armour, stealthy swim, amphibious, 8 rings, constrict 8, tentacle
spike 3, camouflage 1, gelatinous body 1
a: End Transformation


You were on level 1 of the Dungeon.
One of your tentacles had a temporary spike.
You visited 1 branch of the dungeon, and saw 1 of its levels.

You collected 15 gold pieces.

Inventory:

Hand Weapons
 a - a +0 hunting sling
Scrolls
 b - a scroll of identify {unknown}
Potions
 c - a potion of curing {unknown}


   Skills:
 + Level 1.0 Fighting
 + Level 2.0 Dodging
 + Level 3.0 Unarmed Combat
 + Level 2.0 Spellcasting
 + Level 2.0 Transmutations


You had 3 spell levels left.
You knew the following spells:

 Your Spells              Type           Power        Failure   Level
a - Beastly Appendage     Tmut           #.....       10%         1

Your spell library contained the following spells:

 Spells                   Type           Power        Failure   Level
 Wereblood                Tmut           #.......     14%         2
 Spider Form              Tmut/Pois      #.........   41%         3
 Ice Form                 Ice/Tmut       #.......     82%         4
 Blade Hands              Tmut           #.........   95%         5


Dungeon Overview and Level Annotations

Branches:
Dungeon (1/15)

Altars:


Innate Abilities, Weirdness & Mutations

You cannot wear most types of armour.
You are very stealthy in the water. (Stealth+)
You are amphibious.
You can wear up to eight rings at the same time.
You can use your tentacles to constrict eight enemies at once.
Your skin changes colour to match your surroundings (Stealth+).
Your rubbery body absorbs attacks. (AC +1, EV +1)
One of your tentacles bears a large vicious spike.


Message History

Tha jackal bites ye.
Found a scroll labelled NUNONW ELILLAYSMIZ.
Tha jackal bites ye.
* * * LOW HITPOINT WARNIN'
* * * Thar be an op'n door 'ere.
Tha jackal barely misses ye.
Thar be an op'n door 'ere.
Thar be a staircase leadin' outta tha dungeon 'ere.
Castin': Beastly Appendage (safe; 10% risk o' failure) Confirm wit' . or Enter, or press ? or * ta list all spells.
'un o' yer tentacles grows a vicious spike.
Yer transformation be almost o'er.
Tha jackal barely misses ye.
Ye tentacle-slap tha jackal.
Ye grab tha jackal.
Ye pierce tha jackal.
Tha jackal be severely wounded.
Ye constrict tha jackal.
Tha jackal misses ye.
Ye tentacle-slap tha jackal.
Ye kill tha jackal!
Tha jackal bites ye.
Ye die...

##++####.....# ..
##....###..##.# ##
#......##..###..
##.#....##..# #.#
#........#..####.#
#.#......#.(.....#
#...##...#..######
#..####..#..#
+..+>@hh.'..#
#..####h.#..# #...
#...#..#
#......#.#..#
#.(......#..#
##....#.##...
#...... #..##
##....# ..#


You could see 3 jackals.

Vanquished Creatures
  A jackal (D:1)
1 creature vanquished.

Notes
Turn   | Place    | Note
-------+----------+-------------------------------------------
     0 | D:1      | pablito the Octopode Transmuter began the quest for the
                  | Orb.
     0 | D:1      | Reached XP level 1. HP: 13/13 MP: 3/3
    66 | D:1      | Slain by a jackal

Illustrated notes

Levels and vault maps discovered:
D:1:      dpeg_arrival_refuge, layout_loops_ring

Action                   || total
-------------------------++-------
Melee: Unarmed           ||     6
       Constrict         ||     2
       Kick              ||     1
 Cast: Beastly Appendage ||     1
Dodge: Dodged            ||     5

Table legend: (Time is in decaauts)
 A = Elapsed time spent in this place.
 B = Non-inter-level travel time spent in this place.
 C = Inter-level travel time spent in this place.
 D = Time resting spent in this place.
 E = Time spent auto-exploring this place.
 F = Levels seen in this place.
 G = Mean time per level.
                   A        B        C        D        E       F      G
               +--------+--------+--------+--------+--------+-----+--------+
         Total |     65 |     65 |      0 |      0 |     21 |   1 |   65.0 |
       Dungeon |     65 |     65 |      0 |      0 |     21 |   1 |   65.0 |
               +--------+--------+--------+--------+--------+-----+--------+

Top non-repeatable levels by time:
     D:1: 65 daAuts
